 Dungeon Crawl Stone Soup version 0.23.2-1-ga50397a (webtiles) character file.

Game seed: 8565995418819483873

12978 rastus the Thaumaturge (level 12, 0/81 HPs)
             Began as an Octopode Enchanter on June 1, 2019.
             Was an Elder of Cheibriados (penitent).
             Slain by a molten gargoyle
             ... wielding a +0 flail
              (3 damage)
             ... while petrified by you
             ... in a Gauntlet.
             The game lasted 00:39:56 (10641 turns).

rastus the Thaumaturge (Octopode Enchanter)        Turns: 10641, Time: 00:39:57

Health: 0/81       AC:  1    Str: 13    XL:     12   Next: 1%
Magic:  25/25      EV:  2    Int: 23    God:    Cheibriados [*]
Gold:   509        SH:  0    Dex: 12    Spells: 17/29 levels left

rFire    . . .     SeeInvis .   a - +1 dagger (elec)
rCold    + . .     Gourm    .   (no shield)
rNeg     + + +     Faith    .   (helmet restricted)
rPois    ∞         Spirit   .   (no amulet)
rElec    .         Reflect  .   (no ring)
rCorr    +         Harm     .   p - ring of stealth
MR       .....     NoTele   +   r - +6 ring of evasion
Stlth    ++++++....             y - +6 ring of intelligence
HPRegen  0.23/turn              F - ring of resist corrosion
MPRegen  0.19/turn              G - +3 ring of strength
                                s - ring of protection from cold
                                J - -3 ring of dexterity (curse)

@: petrified, very slightly contaminated, hasted, very slow
A: almost no armour, stealthy swim, amphibious, 8 rings, constrict 8, camouflage
1, gelatinous body 1
a: Renounce Religion


You were in a Gauntlet.
You worshipped Cheibriados.
Cheibriados was demanding penance.
You were not hungry.

You visited 2 branches of the dungeon, and saw 13 of its levels.
You also visited: Sewer and Gauntlet.

You collected 677 gold pieces.
You spent 168 gold pieces at shops.

Inventory:

Hand Weapons
 a - a +1 dagger of electrocution (weapon)
 b - a +4 broad axe of flaming
 D - the +8 trident of the Octopus King {venom, rElec rPois MR+}
   (You found it on level 10 of the Dungeon)

   It poisons the flesh of those it strikes.
   It insulates you from electricity.
   It protects you from poison.
   It affects your resistance to hostile enchantments.
 E - a +7 flail of protection
 I - a +5 spear
Jewellery
 o - an uncursed ring of ice
 p - a ring of stealth (right tentacle)
 r - a +6 ring of evasion (on tentacle)
 s - a ring of protection from cold (on tentacle)
 y - a +6 ring of intelligence (on tentacle)
 F - a ring of resist corrosion (on tentacle)
 G - a +3 ring of strength (on tentacle)
 J - a cursed -3 ring of dexterity (on tentacle)
Wands
 e - a wand of acid (5)
 x - a wand of disintegration (9)
 C - a wand of paralysis (9)
Scrolls
 f - a scroll of summoning
 g - 2 scrolls of noise
 h - a scroll of enchant armour {unknown}
 i - 8 scrolls of teleportation
 k - 2 scrolls of fog
 n - 2 scrolls of magic mapping
 q - a scroll of random uselessness {unknown}
 v - a scroll of immolation {unknown}
 B - 2 scrolls of remove curse {unknown}
 H - a scroll of enchant weapon {unknown}
 L - a scroll of amnesia {unknown}
 M - a scroll of fear {unknown}
Potions
 j - 6 potions of curing
 l - 2 potions of heal wounds
 m - 5 potions of haste
 u - 2 potions of flight
 w - a potion of brilliance
 z - 3 potions of agility
 K - a potion of berserk rage {unknown}
Comestibles
 c - 23 rations


   Skills:
 * Level 7.0 Fighting
 - Level 7.0 Short Blades
 - Level 3.9 Axes
 + Level 5.9 Dodging
 - Level 8.9 Stealth
 - Level 9.3 Spellcasting
 - Level 5.3 Hexes
 - Level 2.2 Transmutations
 - Level 4.0 Ice Magic
 - Level 2.0 Earth Magic
 * Level 6.2 Invocations
 + Level 0.4 Evocations


You had 17 spell levels left.
You knew the following spells:

 Your Spells              Type           Power        Failure   Level  Hunger
a - Corona                Hex            #####..      1%          1    None
b - Ensorcelled Hibernat  Hex/Ice        ####..       1%          2    None
c - Tukima's Dance        Hex            #####...     1%          3    None
d - Confuse               Hex            #####...     1%          3    None
e - Confusing Touch       Hex            #####.       1%          1    None
f - Passwall              Tmut/Erth      ###.....     3%          2    None

Your spell library contained the following spells:

 Spells                   Type           Power        Failure   Level  Hunger
 Sandblast                Erth           ###...       2%          1    None
 Magic Dart               Conj           ##..         6%          1    None
 Dazzling Spray           Conj/Hex       ###...       6%          3    None
 Searing Ray              Conj           ##....       9%          2    None
 Stone Arrow              Conj/Erth      ###...       12%         3    None
 Gell's Gravitas          Tloc           ##........   19%         3    None
 Fulminant Prism          Conj/Hex       ###.......   21%         4    ##.....
 Petrify                  Tmut/Erth      ###.....     24%         4    ##.....
 Metabolic Englaciation   Hex/Ice        ####......   24%         5    ####...
 Yara's Violent Unravell  Hex/Tmut       ####......   34%         5    ####...
 Force Lance              Conj/Tloc      ##......     52%         4    ##.....
 Iskenderun's Mystic Bla  Conj           ##......     52%         4    ##.....
 Lee's Rapid Deconstruct  Erth           ###.......   56%         5    ####...


Dungeon Overview and Level Annotations

Branches:
Dungeon (13/15)            Temple (1/1) D:7            Lair (0/6) D:10
    Orc: D:9-12      Vaults: D:13-14

Altars:
Ashenzari
Cheibriados
Dithmenos
Elyvilon
Fedhas
Gozag
Hepliaklqana
Kikubaaqudgha
Makhleb
Nemelex Xobeh
Okawaru
Qazlal
Ru
Sif Muna
Trog
Uskayaw
Vehumet
Wu Jian
Xom
Yredelemnul
Zin
The Shining One

Shops:
D:4 (   D:6 (   D:8 !

Annotations:
D:7 exclusion: 3 killer bees
D:8 exclusion: killer bee
D:9 exclusion: downstairs
D:12 exclusion: downstairs Gauntlet 7 transporters, exclusion: ice statue


Innate Abilities, Weirdness & Mutations

You cannot wear most types of armour.
You are very stealthy in the water. (Stealth+)
You are amphibious.
You can wear up to eight rings at the same time.
You can use your tentacles to constrict eight enemies at once.
Your skin changes colour to match your surroundings (Stealth+).
Your rubbery body absorbs attacks. (AC +1, EV +1)


Message History

The blast of calcifying dust hits you.
You are engulfed in calcifying dust.
The molten gargoyle barely misses you. The gargoyle hits you with a +0 mace.
You are engulfed in calcifying dust.
The molten gargoyle hits you with a +0 flail!
You are engulfed in flames!
* * * LOW HITPOINT WARNING * * *
The gargoyle hits you with a +0 mace.
* * * LOW HITPOINT WARNING * * *
You are engulfed in calcifying dust.
The molten gargoyle blasts magma at you!
The bolt of magma hits you!
* * * LOW HITPOINT WARNING * * *
The gargoyle hits you with a +0 mace.
* * * LOW HITPOINT WARNING * * *
You are engulfed in calcifying dust.
The molten gargoyle hits you with a +0 flail!!
* * * LOW HITPOINT WARNING * * *
You are engulfed in flames!
You die...

###########.©..©.#########
##≈#≈#≈#≈#≈########§#§#≈#§###
##........§.................≈#
#≈..............∩...........##
##..###########..#########..≈#
#§..#..[:©?...#..###"©)..#..##
##..#.###...#Y#..###?###.#..≈#
#≈..#.#...###9#..#.#..##.#..##
##..#...###.9@#..#2..©...#..≈#
#≈..#.###©..#.#..#4##..#.#..##
##..#.#...###.#..#.###.###.§≈#
#≈..#...###...#..#..4..###§.##
##..#.#.#...#.#..#########..≈#
#≈..#.........#.....#©#.....##
##..###########.....#©#.....≈#
#≈......#©#......#########..##
##......#©#......#.##©##[#..≈#


You could see a catoblepas, a green death, 2 orange demons, a molten gargoyle
and a gargoyle.

Vanquished Creatures
  Erolcha (D:9)
  A hydra (D:13)
  2 two-headed ogres
  Erica (D:8)
  Pikel (D:9)
  A gargoyle (D:10)
  A kobold demonologist (D:9)
  2 trolls
  A hippogriff (D:9)
  Sigmund (D:7)
  A human (D:8)
  4 wyverns
  3 hogs (D:8)
  A yak (D:8)
  5 hungry ghosts
  Edmund (D:7)
  An acid dragon (D:12)
  A water moccasin (D:7)
  A soldier ant (D:10)
  An eye of draining (D:8)
  4 sky beasts
  An ice beast (D:9)
  A phantom (D:7)
  6 ogres
  A necrophage (D:10)
  A wolf (D:9)
  5 centaurs
  18 big kobolds (D:9)
  9 bullfrogs
  A wyvern zombie (D:8)
  A wyvern skeleton (D:13)
  4 scorpions
  9 wights (D:7)
  2 howler monkeys
  4 electric eels (D:10)
  4 crimson imps
  A bullfrog zombie (D:6)
  2 hounds (D:10)
  2 jellies
  5 orc wizards
  2 centaur skeletons
  2 iguanas
  10 worker ants
  A hound zombie (D:5)
  A hound skeleton (D:4)
  10 adders
  2 shadow imps (D:9)
  An ooze (D:4)
  An adder zombie (D:9)
  2 adder skeletons
  3 worms
  12 dart slugs
  8 leopard geckos
  25 orcs
  4 bats (D:1)
  16 giant cockroaches
  3 goblins
  8 hobgoblins
  9 jackals
  3 quokkas
  5 ball pythons
  6 frilled lizards
  A jackal skeleton (D:5)
  13 kobolds
  2 leopard gecko skeletons
  A quokka skeleton (D:5)
  2 quokka zombies
  5 rats
270 creatures vanquished.

Vanquished Creatures (others)
  A centaur skeleton (D:9)
  A slave (D:9)
  2 dancing weapons (D:7)
  A human (D:4)
  A big kobold (D:9)
  A hound (D:9)
  An orc wizard (D:9)
  An adder (D:9)
  4 orcs
  2 jackals (D:9)
  9 kobolds (D:9)
24 creatures vanquished.

Grand Total: 294 creatures vanquished

Notes
Turn   | Place    | Note
-------+----------+-------------------------------------------
     0 | D:1      | rastus the Octopode Enchanter began the quest for the Orb.
     0 | D:1      | Reached XP level 1. HP: 11/11 MP: 3/3
   314 | D:1      | Reached XP level 2. HP: 17/17 MP: 5/5
   321 | D:1      | Learned a level 2 spell: Ensorcelled Hibernation
   850 | D:1      | You fall through a shaft!
  1062 | D:2      | Reached XP level 3. HP: 11/21 MP: 6/6
  1234 | D:2      | Found a shattered altar of Ashenzari.
  1644 | D:2      | Learned a level 3 spell: Tukima's Dance
  2380 | D:3      | Reached skill level 1 in Ice Magic
  2380 | D:3      | Reached XP level 4. HP: 27/27 MP: 7/7
  2566 | D:3      | Found a glowing golden altar of the Shining One.
  2603 | D:3      | Reached skill level 5 in Stealth
  2975 | D:4      | Reached XP level 5. HP: 32/32 MP: 8/8
  3086 | D:4      | Noticed an ogre
  3097 | D:4      | Killed an ogre
  3184 | D:4      | Found Iwo Xosh's Antique Weapon Emporium.
  3201 | D:4      | Bought a glowing broad axe for 168 gold pieces
  3232 | D:4      | Found an ancient bone altar of Kikubaaqudgha.
  3232 | D:4      | Noticed a human
  3236 | D:4      | Killed a human
  3277 | D:4      | Reached XP level 6. HP: 14/37 MP: 9/9
  3440 | D:4      | Reached skill level 1 in Fighting
  3647 | D:5      | Entered Level 5 of the Dungeon
  3696 | D:5      | Found a hide-covered altar of Uskayaw.
  3779 | D:5      | Found a glowing drain.
  3798 | D:5      | Reached XP level 7. HP: 43/43 MP: 11/11
  3834 | Sewer    | Entered a sewer
  3913 | Sewer    | Reached skill level 3 in Spellcasting
  4016 | Sewer    | Learned a level 3 spell: Confuse
  4392 | D:5      | Reached XP level 8. HP: 33/51 MP: 13/13
  5389 | D:6      | Found Veyfygg's Antique Weapon Boutique.
  5528 | D:7      | Reached skill level 4 in Spellcasting
  5671 | D:7      | Reached XP level 9. HP: 58/58 MP: 15/15
  5698 | D:7      | Noticed Sigmund
  5704 | D:7      | Killed Sigmund
  5704 | D:7      | Reached skill level 5 in Short Blades
  5717 | D:7      | Noticed Edmund
  5719 | D:7      | Killed Edmund
  5870 | D:7      | Reached skill level 5 in Spellcasting
  5906 | D:7      | Found a staircase to the Ecumenical Temple.
  5933 | Temple   | Entered the Ecumenical Temple
  6106 | Temple   | Became a worshipper of Cheibriados the Contemplative
  6325 | D:7      | Reached skill level 1 in Invocations
  6733 | D:8      | Got an ivory mace
  6750 | D:8      | Identified the cursed +1 mace of Jethruurgh {drain, rPois
                  | rN+ Str+4} (You found it on level 8 of the Dungeon)
  6767 | D:8      | Noticed Erica
  6774 | D:8      | Killed Erica
  6774 | D:8      | Reached skill level 5 in Fighting
  6774 | D:8      | Reached XP level 10. HP: 66/66 MP: 16/18
  6845 | D:8      | Learned a level 1 spell: Confusing Touch
  6874 | D:8      | Reached * piety under Cheibriados
  6920 | D:8      | Reached skill level 1 in Axes
  7113 | D:8      | Reached skill level 6 in Spellcasting
  7198 | D:8      | Learned a level 2 spell: Passwall
  7429 | D:8      | Found Pecse's Distillery.
  7635 | D:9      | Reached skill level 5 in Dodging
  7641 | D:9      | Noticed Erolcha
  7722 | D:9      | Reached ** piety under Cheibriados
  7731 | D:9      | Killed Erolcha
  7731 | D:9      | Reached skill level 7 in Spellcasting
  7731 | D:9      | Reached skill level 1 in Transmutations
  7731 | D:9      | Reached skill level 1 in Earth Magic
  7978 | D:9      | Noticed Pikel
  7984 | D:9      | Killed Pikel
  7984 | D:9      | Reached XP level 11. HP: 72/72 MP: 18/22
  8071 | D:9      | Noticed a sixfirhy
  8071 | D:9      | Reached skill level 5 in Invocations
  8091 | D:9      | Reached *** piety under Cheibriados
  8132 | D:9      | Reached skill level 8 in Spellcasting
  8285 | D:9      | Noticed a two-headed ogre
  8293 | D:9      | Killed a two-headed ogre
  8608 | D:10     | Entered Level 10 of the Dungeon
  8615 | D:10     | Noticed a two-headed ogre
  8625 | D:10     | Killed a two-headed ogre
  8633 | D:9      | HP: 3/74 [sky beast (5)]
  9059 | D:10     | Reached **** piety under Cheibriados
  9441 | D:10     | Noticed a two-headed ogre
  9447 | D:10     | Found the +8 trident of the Octopus King {venom, rElec
                  | rPois MR+}
  9772 | D:10     | Found a staircase to the Lair.
 10031 | D:10     | You fall through a shaft for 3 floors!
 10033 | D:13     | Noticed a seven-headed hydra
 10043 | D:12     | Reached skill level 9 in Spellcasting
 10043 | D:12     | Reached skill level 5 in Hexes
 10325 | D:13     | Found a gate leading to a gauntlet.
 10336 | D:13     | Noticed an eight-headed hydra
 10344 | D:13     | Killed an eight-headed hydra
 10344 | D:13     | Reached ***** piety under Cheibriados
 10344 | D:13     | Reached XP level 12. HP: 81/81 MP: 19/25
 10353 | Gauntlet | Entered a Gauntlet
 10353 | Gauntlet | Found a transporter.
 10353 | Gauntlet | Found a transporter.
 10353 | Gauntlet | Found a transporter.
 10354 | Gauntlet | Found a transporter.
 10355 | Gauntlet | Found a transporter.
 10358 | Gauntlet | Found a transporter.
 10365 | Gauntlet | Found a transporter.
 10367 | Gauntlet | Found a transporter.
 10367 | Gauntlet | Found a transporter.
 10369 | Gauntlet | Found a transporter.
 10377 | Gauntlet | Found a transporter.
 10377 | Gauntlet | Found a transporter.
 10377 | Gauntlet | Noticed a catoblepas
 10378 | Gauntlet | Noticed a green death
 10610 | Gauntlet | Was placed under penance by Cheibriados
 10641 | Gauntlet | HP: 3/81 [molten gargoyle/+0 flail (9)]
 10641 | Gauntlet | Slain by a molten gargoyle

Skill      XL: |  1  2  3  4  5  6  7  8  9 10 11 |
---------------+----------------------------------+-----
Ice Magic      | 1 2 3 4 |  4.0
Stealth        | 5 6 8 |  8.9
Short Blades   | 2 3 4 6 7 |  7.0
Fighting       | 1 2 3 5 6 7 |  7.0
Hexes          | 4 5 |  5.3
Spellcasting   | 3 4 5 7 9 |  9.3
Dodging        | 3 4 5 |  5.9
Invocations    | 2 4 6 |  6.2
Axes           | 2 3 |  3.9
Transmutations | 1 2 |  2.2
Earth Magic    | 1 2 |  2.0
Evocations     | |  0.4

Action                   |  1- 3 |  4- 6 |  7- 9 | 10-12 || total
-------------------------+-------+-------+-------+-------++-------
Melee: Dagger            |    86 |    63 |   189 |   203 ||   541
       Constrict         |    20 |    13 |    25 |    24 ||    82
       Tentacles         |    14 |    10 |    24 |    39 ||    87
       Broad axe         |       |       |       |     6 ||     6
 Cast: Ensorcelled Hiber |       |    13 |     8 |    67 ||    88
       Tukima's Dance    |       |       |     4 |       ||     4
       Confuse           |       |       |       |     6 ||     6
       Confusing Touch   |       |       |       |     3 ||     3
       Corona            |       |       |       |     3 ||     3
Evoke: Wand              |       |       |       |     5 ||     5
  Use: Potion            |     2 |     1 |       |     3 ||     6
       Scroll            |       |       |    10 |     6 ||    16
 Stab: Sleeping          |    11 |    16 |    42 |    62 ||   131
       Distracted        |       |       |     3 |     2 ||     5
       Confused          |       |       |       |     2 ||     2
       Invisible         |       |       |       |     2 ||     2
  Eat: Chunk             |     4 |     6 |    11 |     8 ||    29
Armor: Skin              |    12 |     2 |     2 |     2 ||    18
Dodge: Dodged            |    56 |    59 |   109 |   173 ||   397
